 Dungeon Crawl Stone Soup version 0.24-a0-230-g536ed4e33c (webtiles) character file.

Game seed: 14945342554883905215

4029 CedricTheThird the Grappler (level 10, -9/132 HPs)
             Began as a Troll Berserker on Apr 2, 2019.
             Was an Elder of Trog.
             Mangled by a white ugly thing (35 damage)
             ... on level 7 of the Dungeon.
             The game lasted 00:14:06 (5117 turns).

CedricTheThird the Grappler (Troll Berserker)       Turns: 5117, Time: 00:14:07

Health: -9/132     AC:  8    Str: 35    XL:     10   Next: 4%
Magic:  9/9        EV: 10    Int:  3    God:    Trog [****..]
Gold:   583        SH:  0    Dex:  9    Spells: 9/9 levels left

rFire    . . .     SeeInvis .     - Unarmed
rCold    . . .     Gourm    +   (no shield)
rNeg     . . .     Faith    .   a - +0 animal skin
rPois    .         Spirit   .   (helmet restricted)
rElec    .         Reflect  .   w - +0 cloak
rCorr    .         Harm     .   (gloves unavailable)
MR       ++...                  (boots unavailable)
Stlth    ..........             (no amulet)
HPRegen  1.72/turn              e - +1 ring of protection
MPRegen  0.11/turn              (no ring)

@: berserking (expiring), regenerating, hasted, very quick
A: large, unfitting armour, claws 3, fast metabolism 3, gourmand, regeneration
1, shaggy fur 1, tough skin 3
a: Berserk, Trog's Hand, Brothers in Arms, Renounce Religion


You were on level 7 of the Dungeon.
You worshipped Trog.
Trog was greatly pleased with you.
You were very hungry.

You visited 2 branches of the dungeon, and saw 8 of its levels.
You also visited: Ossuary.

You collected 583 gold pieces.

Inventory:

Missiles
 C - 2 large rocks (quivered)
Armour
 a - a +0 animal skin (worn)
 w - a +0 cloak (worn)
Jewellery
 e - a +1 ring of protection (left claw)
 z - an uncursed ring of resist corrosion {unknown}
Wands
 o - a wand of iceblast (14)
 A - a wand of polymorph (21)
 B - a wand of digging (5)
Scrolls
 c - 3 scrolls of amnesia {unknown}
 d - 6 scrolls of identify {unknown}
 g - a scroll of enchant weapon {unknown}
 i - 5 scrolls of remove curse {unknown}
 j - 8 scrolls of teleportation {unknown}
 k - 2 scrolls of noise {unknown}
 l - a scroll of blinking {unknown}
 n - 4 scrolls of magic mapping {unknown}
 v - 2 scrolls of immolation {unknown}
 x - a scroll of fear {unknown}
 y - a scroll of torment {unknown}
Potions
 f - 2 potions of degeneration {unknown}
 h - 3 potions of lignification
 m - a potion of berserk rage {unknown}
 p - 2 potions of brilliance
 q - 3 potions of haste
 r - 3 potions of heal wounds
 s - a potion of mutation {unknown}
 t - a potion of might {unknown}
 u - 2 potions of curing {unknown}
 D - a potion of resistance {unknown}
Comestibles
 b - 16 rations


   Skills:
 - Level 2.4 Fighting
 - Level 2.4 Dodging
 * Level 14.1 Unarmed Combat


You had 9 spell levels left.
You didn't know any spells.
Your spell library was empty.

Dungeon Overview and Level Annotations

Branches:
Dungeon (7/15)             Temple (1/1) D:4

Altars:
Ashenzari
Cheibriados
Dithmenos
Elyvilon
Fedhas
Gozag
Kikubaaqudgha
Makhleb
Nemelex Xobeh
Okawaru
Qazlal
Sif Muna
Trog
Vehumet
Wu Jian
Yredelemnul
Zin
The Shining One
Lugonu

Shops:
D:4 *


Innate Abilities, Weirdness & Mutations

You are too large for most types of armour.
You have claws for hands.
Your metabolism is lightning-fast.
You like to eat raw meat.
Your natural rate of healing is unusually fast.
You are covered in fur. (AC +1)
You have extremely tough skin. (AC +3)


Message History

The white ugly thing is lightly wounded.
Something hits you. The white ugly thing claws you.
The white ugly thing freezes you!!
* * * LOW HITPOINT WARNING * * *
You enter the transporter and appear at another place.
The red ugly thing engulfs you but does no damage.
You eviscerate the red ugly thing!!!
The red ugly thing is almost dead.
The white ugly thing barely misses you.
You mangle the red ugly thing!!
You kill the red ugly thing!
Trog accepts your kill.
Your Unarmed Combat skill increases to level 14!
You have reached level 10!
You barely miss the white ugly thing. You claw the white ugly thing!
The white ugly thing is moderately wounded.
The white ugly thing claws you.
* * * LOW HITPOINT WARNING * * *
The white ugly thing freezes you!!
You die...

..#
#.#....##§##...[###.#
..#
#.###...###...###...#
..# #.# ##.......##
##### .## ##.##
##.%...##
.######...####.._..#
.#....>.....##.....##
....###...###...©x..##
.........###...###u..###
....######"#..##@##xX#.#
.#.## #..###u..##{[§#
.#.# ###..##...##..##
.#.# #.####.....####
.#.# #...†....### .#.#
#.######## .#.######.#
..........# ##.########


You could see 2 ugly things, a large abomination and 2 small abominations.

Vanquished Creatures
  An ugly thing (D:7)
  A kobold demonologist (D:7)
  Edmund (D:5)
  An orc warrior (D:4)
  2 sky beasts
  A phantom (D:7)
  2 centaurs
  An eye of draining (D:7)
  3 ogres
  5 big kobolds (D:7)
  Blork the orc (D:5)
  5 bullfrogs
  A wyvern skeleton (D:7)
  2 scorpions
  3 wights (D:6)
  3 howler monkeys
  3 crimson imps
  2 hounds
  2 jellies
  A bullfrog skeleton (D:7)
  A centaur skeleton (D:7)
  3 iguanas
  3 orc wizards
  4 worker ants
  2 hound zombies
  A hound skeleton (D:4)
  8 mummies (Ossuary)
  A howler monkey zombie (D:6)
  10 adders
  A shadow imp (D:7)
  2 oozes (D:3)
  An adder zombie (D:5)
  2 worms
  4 dart slugs
  4 leopard geckos
  15 orcs
  6 giant cockroaches
  A gnoll zombie (Ossuary)
  4 hobgoblins
  13 jackals
  3 kobolds
  5 quokkas
  3 ball pythons
  5 bats
  5 frilled lizards
  7 goblins
  A hobgoblin zombie (Ossuary)
  3 kobold zombies (Ossuary)
  3 orc zombies (Ossuary)
  5 rats
167 creatures vanquished.

Vanquished Creatures (collateral kills)
  The ghost of iamserjio the Grappler, a novice TrBe of Trog (D:7)
  3 big kobolds (D:7)
4 creatures vanquished.

Grand Total: 171 creatures vanquished

Notes
Turn   | Place    | Note
-------+----------+-------------------------------------------
     0 | D:1      | CedricTheThird the Troll Berserker began the quest for the
                  | Orb.
     0 | D:1      | Reached XP level 1. HP: 22/22 MP: 0/0
   136 | D:1      | Reached XP level 2. HP: 29/29 MP: 1/1
   608 | D:2      | Reached skill level 4 in Unarmed Combat
   619 | D:2      | Reached XP level 3. HP: 36/36 MP: 2/2
   868 | D:2      | Reached ** piety under Trog
   871 | D:2      | Reached skill level 5 in Unarmed Combat
   871 | D:2      | Reached XP level 4. HP: 44/44 MP: 3/3
  1220 | D:3      | Reached XP level 5. HP: 50/50 MP: 4/4
  1346 | D:3      | Reached skill level 6 in Unarmed Combat
  1598 | D:4      | Reached *** piety under Trog
  1685 | D:4      | Noticed an ogre
  1691 | D:4      | Killed an ogre
  1691 | D:4      | Reached skill level 7 in Unarmed Combat
  1691 | D:4      | Reached XP level 6. HP: 59/59 MP: 5/5
  1780 | D:4      | Found Nyjax's General Store.
  1799 | D:4      | Found a sand-covered staircase.
  1800 | D:4      | Noticed an orc warrior
  1806 | D:4      | Killed an orc warrior
  1816 | Ossuary  | Entered an ossuary
  1864 | Ossuary  | Reached skill level 8 in Unarmed Combat
  1884 | Ossuary  | Reached XP level 7. HP: 61/66 MP: 6/6
  2159 | D:4      | Found a staircase to the Ecumenical Temple.
  2278 | Temple   | Entered the Ecumenical Temple
  2577 | D:4      | Found a bloodstained altar of Trog.
  2577 | D:4      | Found a burning altar of Makhleb.
  2673 | D:4      | Reached skill level 9 in Unarmed Combat
  2720 | D:5      | Entered Level 5 of the Dungeon
  2749 | D:5      | Noticed Blork the orc
  2783 | D:5      | Killed Blork the orc
  2902 | D:5      | Reached **** piety under Trog
  2975 | D:5      | Reached XP level 8. HP: 74/74 MP: 7/7
  3128 | D:5      | Noticed Edmund
  3134 | D:5      | Killed Edmund
  3134 | D:5      | Reached skill level 10 in Unarmed Combat
  3418 | D:5      | Reached skill level 11 in Unarmed Combat
  4248 | D:6      | Found a deep blue altar of Sif Muna.
  4249 | D:6      | Found an iron altar of Okawaru.
  4249 | D:6      | Found a basalt altar of Yredelemnul.
  4253 | D:6      | Found a shadowy altar of Dithmenos.
  4339 | D:7      | Reached XP level 9. HP: 80/80 MP: 8/8
  4342 | D:7      | Reached skill level 12 in Unarmed Combat
  4525 | D:7      | Found a runed translucent gate.
  4525 | D:7      | Found a runed translucent gate.
  4525 | D:7      | Noticed iamserjio's ghost (novice TrBe)
  4526 | D:7      | Found a runed translucent gate.
  4527 | D:7      | Noticed a kobold demonologist
  4558 | D:7      | Killed a kobold demonologist
  4558 | D:7      | Reached skill level 13 in Unarmed Combat
  4570 | D:7      | Killed iamserjio's ghost
  4680 | D:7      | Found a transporter.
  4685 | D:7      | Found a corrupted altar of Lugonu.
  4685 | D:7      | Noticed a white ugly thing
  4686 | D:7      | Noticed a red ugly thing
  4686 | D:7      | Noticed a green ugly thing
  4809 | D:7      | Found an opulent altar of Gozag.
  4986 | D:7      | Found a transporter.
  5116 | D:7      | Killed a red ugly thing
  5116 | D:7      | Reached skill level 14 in Unarmed Combat
  5116 | D:7      | Reached XP level 10. HP: 29/88 MP: 9/9
  5117 | D:7      | Mangled by a white ugly thing

Levels and vault maps discovered:
D:1:      minmay_arrival_four_houses, layout_loops_ring
D:2:      layout_loops_cross, first_ration
D:3:      layout_basic
D:4:      layout_loops_ring, gammafunk_temple_overflow_wave,
          minmay_temple_entry_poolview, serial_shops, nicolae_shop_stone,
          nicolae_ossuary_entry_monument
D:5:      layout_loops_corners, serial_rivers, chequers_serial_rivers_small_3,
          chequers_serial_rivers_small_3, chequers_serial_rivers_micro_b,
          chequers_serial_rivers_large_b, uniq_edmund, uniq_blork_the_orc
D:6:      layout_loops_ring, minitemple
D:7:      gammafunk_corrupted_shrine, layout_loops_ring, basic_altar,
          gammafunk_ghost_nasty_kobolds
Temple:   minmay_temple_bridge_abc
Ossuary:  ossuary_tomb_3

Skill      XL: |  1  2  3  4  5  6  7  8  9 |
---------------+----------------------------+-----
Unarmed Combat | 4 5 7 8 9 11 14 | 14.1
Fighting       | |  2.4
Dodging        | |  2.4

Action                   |  1- 3 |  4- 6 |  7- 9 | 10-12 || total
-------------------------+-------+-------+-------+-------++-------
Melee: Unarmed           |    74 |   127 |   237 |     1 ||   439
       Punch             |       |     2 |    17 |     1 ||    20
Invok: Berserk           |     1 |     3 |     7 |       ||    11
       Trog's Hand       |       |     2 |     4 |       ||     6
       Brothers in Arms  |       |       |     2 |       ||     2
  Use: Potion            |       |       |     5 |       ||     5
 Stab: Sleeping          |       |       |     1 |       ||     1
  Eat: Chunk             |    11 |     9 |    29 |       ||    49
       Ration            |       |       |     2 |       ||     2
Armor: Animal skin       |    33 |    51 |    62 |       ||   146
       Skin              |       |       |     8 |       ||     8
Dodge: Dodged            |    32 |    70 |    80 |       ||   182

Table legend:
 A = Non-vault XP
 B = Vault XP
 C = Vault XP percentage of total XP
 D = Non-vault monster count
 E = Vault monster count
 F = Vault count percentage of total count
                 A         B        C        D         E       F
            +---------+---------+-------+---------+---------+-------
      Total |    3409 |    2347 |  40.8 |     142 |      29 |  17.0
            +---------+---------+-------+---------+---------+-------
        D:1 |      27 |       0 |   0.0 |      15 |       0 |   0.0
        D:2 |     150 |       0 |   0.0 |      23 |       0 |   0.0
        D:3 |      76 |       0 |   0.0 |      24 |       0 |   0.0
        D:4 |     701 |       0 |   0.0 |      20 |       0 |   0.0
        D:5 |     861 |     260 |  23.2 |      28 |       2 |   6.7
        D:6 |     496 |       0 |   0.0 |      14 |       0 |   0.0
        D:7 |    1098 |    1934 |  63.8 |      18 |      11 |  37.9
    Ossuary |       0 |     153 | 100.0 |       0 |      16 | 100.0
            +---------+---------+-------+---------+---------+-------
